 Dungeon Crawl Stone Soup version 0.30.0 (webtiles) character file.

Game seed: 16093347611966993732

4 edsrzf the Magician (level 1, 0/11 HPs)
             Began as a Deep Elf Transmuter on May 21, 2023.
             Killed from afar by a dart slug (5 damage)
             ... with a slug dart
             ... on level 1 of the Dungeon.
             The game lasted 00:00:22 (102 turns).

edsrzf the Magician (Deep Elf Transmuter)            Turns: 102, Time: 00:00:23

Health: 0/11       AC:  2    Str:  7    XL:     1   Next: 50%
Magic:  5/6        EV: 12    Int: 17    God:
Gold:   22         SH:  0    Dex: 15    Spells: 5/6 levels left

rFire   . .          .
                       - Unarmed
rCold   . . .        (no shield)
rNeg    . . .        a - +0 robe
rPois   .            (helmet currently unavailable)
rElec   .            (no cloak)
rCorr   .            (no gloves)
SInv    .            (boots currently unavailable)
Will    .....        (no amulet)
Stlth   +            (no ring)
HPRegen 0.21/turn    (no ring)
MPRegen 0.10/turn

%: no passive effects
@: appendages
A: horns 2, talons 2
a: End Transformation


You were on level 1 of the Dungeon.
You had temporarily grown beastly horns and talons.
You visited 1 branch of the dungeon, and saw 1 of its levels.

You collected 22 gold pieces.

Inventory:

Armour
 a - a +0 robe (worn)
Scrolls
 d - a scroll of amnesia {unknown}
Potions
 b - a potion of lignification
 c - a potion of curing {unknown}


   Skills:
 - Level 0.7 Fighting
 - Level 2.4 Dodging
 + Level 2.5 Unarmed Combat
 - Level 3.0 Spellcasting
 + Level 2.4 Transmutations


You had 5 spell levels left.
You knew the following spells:

 Your Spells              Type           Power      Damage    Failure   Level
a - Beastly Appendage     Tmut           20%        N/A       6%          1

Your spell library contained the following spells:

 Spells                   Type           Power      Damage    Failure   Level
 Wereblood                Tmut           10%        N/A       10%         2
 Spider Form              Tmut/Pois      6%         N/A       32%         3
 Ice Form                 Ice/Tmut       6%         N/A       71%         4


Dungeon Overview and Level Annotations

Branches:
Dungeon (1/15)

Altars:


Innate Abilities, Weirdness & Mutations

You have temporarily grown beastly horns and talons.


Message History

Welcome, edsrzf the Deep Elf Transmuter.
It's a long way down to the Orb of Zot, but that shouldn't be any trouble.
Press ? for a list of commands and other information.
Found a staircase leading out of the dungeon.
Autoexplore enabled for D:1 As you open the door, it creaks loudly!
There is an open door here.
c - a cyan potion
Found 4 stones.
You see here 4 stones.
An endoplasm comes into view.
The endoplasm quivers.
Casting: Beastly Appendage (safe; 7% risk of failure)
Confirm with . or Enter, or press ? or * to list all spells.
You grow a pair of large bovine horns.
Your feet morph into talons.
You hit the endoplasm but do no damage. You claw the endoplasm.
You headbutt the endoplasm, but do no damage.
The endoplasm is almost dead.
You completely miss the endoplasm.
The endoplasm is almost dead.
The endoplasm freezes you.
You are frozen.
You hit the endoplasm but do no damage.
The endoplasm is almost dead.
The endoplasm hits you.
You hit the endoplasm.
You kill the endoplasm!
Your transformation is almost over.
Unknown command.
You start resting.
Magic restored.
Unknown command.
You start resting.
Your horns disappear.
Your talons disappear.
HP restored.
A rat comes into view.
Found 17 gold pieces.
Casting: Beastly Appendage (safe; 7% risk of failure)
Confirm with . or Enter, or press ? or * to list all spells.
You grow a pair of large bovine horns.
Your feet morph into talons.
You closely miss the rat. The rat bites you.
You closely miss the rat. You claw the rat.
You kill the rat!
You see here a rat corpse.
You start resting.
Magic restored.
Unknown command.
HP restored.
d - a scroll labelled GAUGEAWNIY Unknown command.
You see here a rat corpse.
Your transformation is almost over.
You now have 17 gold pieces.
You now have 22 gold pieces (gained 5).
A dart slug comes into view.
Your horns disappear.
Your talons disappear.
A ball python comes into view.
A rat comes into view.
The ball python hisses angrily.
The dart slug launches a dart at you. The slug dart hits you.
Casting: Beastly Appendage (safe; 7% risk of failure)
Confirm with . or Enter, or press ? or * to list all spells.
You grow a pair of large bovine horns.
Your feet morph into talons.
The ball python closely misses you. The ball python misses you.
You hit the ball python.
The ball python is heavily wounded.
The ball python barely misses you. The ball python grabs you.
The ball python constricts you.
You hit the ball python but do no damage.
You headbutt the ball python.
You kill the ball python!
You hit the rat.
The rat is severely wounded.
The rat bites you.
You hit the rat.
You kill the rat!
The dart slug launches a dart at you. The slug dart hits you.
You hit the dart slug.
You claw the dart slug, but do no damage.
The dart slug is moderately wounded.
You hit the dart slug but do no damage.
You claw the dart slug, but do no damage.
The dart slug is moderately wounded.
The dart slug launches a dart at you. The slug dart hits you.
You die...

...# ....... ###..#+#....
#..........# #........#.#
#........#.#####
##..............#
........†....#..#
.............#..###+#####
.....###+###.#..@w......#
.....# #....#.......#
.....# #..###.......#
.....# #....#.......+
#.#### #.##.#.......# #.#
#.. .#.####### ♣.# #.#
#.# .♣# ### ... .♣ #.#


You could see a dart slug.

Vanquished Creatures
  A ball python (D:1)
  An endoplasm (D:1)
  2 rats (D:1)
4 creatures vanquished.

Notes
Turn   | Place    | Note
-------+----------+-------------------------------------------
     0 | D:1      | edsrzf the Deep Elf Transmuter began the quest for the Orb.
     0 | D:1      | Reached XP level 1. HP: 11/11 MP: 6/6
   102 | D:1      | Killed from afar by a dart slug

Illustrated notes

Levels and vault maps discovered:
D:1:      saegor_arrival_under_anarchy, layout_basic,
          chequers_ecumenical_altar_simple, st_stairs_7

Action                     || total
---------------------------++-------
  Melee: Unarmed           ||    12
         Kick              ||     4
         Headbutt          ||     2
   Cast: Beastly Appendage ||     3
  Dodge: Dodged            ||     3
